Map: Acropolis LE

Players

Djorn - Winner!

  • Race: Protoss Protoss
  • Spawn Location: 11:00

A.I. 1 (Medium)

  • Race: Terran Terran
  • Spawn Location: 5:00

VOD

Have the link to the VOD?

Description

Time

  • Played on: Aug. 22, 2019, 11:52 a.m.
  • Length: 14:30
Show
View Real Time Build Order
Export as new Build Order

Djorn Protoss - Winner!

Build Orders:  

Get SALT Encoding   

  12  0:02  Probe  
  13  0:15  Probe  
  14  0:32  Pylon  
  14  0:34  Probe  
  15  0:50  Probe  
  16  1:01  Gateway  
  16  1:09  Probe  
  16  1:18  Probe  
  18  1:26  Probe  
  19  1:35  Assimilator  
  19  1:39  Probe  
  20  1:40  Pylon  
  20  2:22  Cybernetics Core  
  20  2:26  Nexus  
  20  2:35  Forge  
  20  2:42  Probe  
  21  2:50  Adept  
  21  2:54  Warp Gate  
  23  3:26  Robotics Facility  
  23  3:32  Assimilator  
  23  3:37  Adept  
  23  3:38  Probe  
  25  3:46  Probe  
  26  3:50  Probe  
  28  3:56  Probe  
  28  3:59  Probe  
  29  4:08  Probe x2  
  32  4:18  Protoss Ground Weapons Level 1  
  32  4:20  Probe x2  
  34  4:32  Probe  
  34  4:33  Immortal  
  39  4:53  Pylon  
  39  4:55  Zealot  
  39  4:56  Pylon  
  41  5:06  Pylon  
  41  5:32  Immortal  
  45  5:39  Zealot  
  47  5:54  Gateway  
  47  5:56  Gateway  
  47  6:00  Warp Prism  
  47  6:06  Twilight Council  
  49  6:24  Protoss Ground Armor Level 1  
  49  6:31  Zealot  
  51  6:37  Observer  
  51  6:39  Probe  
  53  6:45  Assimilator  
  53  6:49  Charge  
  53  6:51  Probe  
  54  6:59  Immortal  
  58  7:03  Probe  
  58  7:07  Zealot x3  
  65  7:15  Probe  
  65  7:16  Gateway  
  65  7:18  Gateway  
  66  7:26  Templar Archives  
  66  7:30  Probe  
  63  7:38  Immortal  
  63  7:42  Probe  
  68  7:51  Zealot  
  70  8:00  Shield Battery  
  70  8:05  Pylon  
  70  8:08  Pylon  
  70  8:10  Pylon  
  70  8:19  Resonating Glaives  
  70  8:23  Probe, Protoss Ground Weapons Level 2  
  71  9:20  Stalker x2  
  71  9:21  Stalker x3  
  81  9:29  Psionic Storm  
  75  9:32  High Templar x2  
  75  9:33  High Templar  
  81  10:34  High Templar  
  83  10:36  Zealot  
  83  10:37  Zealot x2  
  83  10:38  Stargate  
  89  10:47  Pylon  
  89  10:55  Pylon  
  89  10:57  Protoss Ground Armor Level 2  
  71  12:04  Stalker x2  
  71  12:05  Stalker x2  
  79  12:09  Zealot  
Show
View Real Time Build Order
Export as new Build Order

A.I. 1 (Medium) Terran 

Build Orders:  

Get SALT Encoding   

  12  0:00  SCV  
  13  0:13  SCV  
  14  0:17  Supply Depot  
  14  0:25  SCV  
  15  0:39  SCV  
  16  0:43  Barracks  
  16  0:49  Refinery  
  16  0:51  SCV  
  17  1:03  SCV  
  18  1:15  Supply Depot  
  18  1:31  Marine  
  18  1:32  Orbital Command, Barracks  
  19  1:40  Refinery  
  19  1:49  Barracks Tech Lab  
  19  2:07  Marine  
  20  2:08  Supply Depot  
  20  2:19  Marine  
  21  2:31  Marine  
  22  2:43  Supply Depot, Marine  
  23  2:53  SCV  
  23  2:55  Marine  
  25  3:05  SCV  
  26  3:07  Engineering Bay, Marine  
  27  3:17  SCV  
  27  3:19  Marine  
  29  3:29  SCV  
  29  3:32  Marine  
  31  3:41  SCV  
  31  3:44  Marauder  
  31  3:46  Supply Depot  
  34  3:53  SCV  
  35  3:56  Marine  
  36  4:08  Marine  
  37  4:26  Marauder  
  39  4:48  Marauder  
  41  6:50  Barracks Tech Lab, SCV  
  41  6:51  Factory  
  42  6:54  Factory  
  42  6:57  Supply Depot, Command Center  
  42  6:58  Missile Turret  
  42  7:00  Missile Turret  
  42  7:04  Sensor Tower  
  42  7:06  Barracks  
  42  7:19  Bunker  
  39  7:32  Marine  
  39  7:35  Factory Tech Lab  
  27  7:40  Starport  
  27  7:43  Armory, Factory Tech Lab  
  26  7:45  Marine  
  27  7:54  Barracks Reactor  
  27  7:58  Marine  
  28  8:10  SCV  
  28  8:11  Marine  
  28  8:12  Refinery  
  30  8:13  SCV  
  30  8:18  Starport Tech Lab, Missile Turret  
  31  8:22  SCV  
  31  8:24  Missile Turret, Marine  
  31  8:25  SCV  
  31  8:26  Refinery  
  34  8:34  SCV  
  34  8:37  Raven, SCV, Marine  
  39  8:44  Bunker  
  39  8:46  SCV  
  40  8:49  SCV  
  40  8:50  Marine  
  40  8:58  SCV  
  40  9:01  SCV  
  40  9:02  Hellion  
  39  9:04  Bunker  
  39  9:08  Missile Turret  
  39  9:09  Hellion  
  40  9:10  SCV  
  40  9:11  Missile Turret  
  40  9:13  SCV  
  42  9:20  Raven  
  42  9:22  SCV  
  42  9:23  Hellion  
  47  9:25  SCV  
  47  9:29  Supply Depot  
  47  9:31  Siege Tank  
  51  9:35  SCV  
  51  9:37  SCV  
  53  9:43  Marine  
  54  9:47  SCV  
  54  9:49  SCV  
  56  9:56  Marine  
  56  9:59  SCV  
  58  10:02  SCV  
  58  10:03  Viking  
  61  10:11  SCV  
  61  10:14  SCV  
  63  10:16  Supply Depot, Marine  
  64  10:23  SCV  
  64  10:26  SCV  
  66  10:29  Siege Tank  
  69  10:42  Cyclone  
  72  10:55  Marine  
  73  11:08  Marine  
  72  11:14  SCV  
  72  11:15  Viking  
  63  11:23  Hellion  
  49  11:26  SCV  
  49  11:29  Marine  
  30  11:32  Supply Depot  
  30  11:37  Hellion  
  30  11:38  SCV  
  31  11:45  Hellion  
  34  11:49  Starport  
  34  11:50  Marauder, SCV  
  33  11:55  Marine  
  26  12:01  Marine  
  26  12:03  SCV  
  26  12:07  Marine  
  19  12:13  Marine  
  19  12:15  SCV  
  10  12:27  SCV  
  9  12:30  Siege Tank  
  9  12:39  SCV  
  9  12:42  Marine  
  7  12:47  Marine  
  8  12:51  SCV  
Tags
 
Matchup
PvT
Replay Pack
sc2replays
Spawn Locations
Cross Positions
Add a new tag
Caveats
  • Supply blocks, unpowered buildings, or Contaminate may cause inaccurate times.
  • Supply counts are checked every 10 seconds.